 Dungeon Crawl Stone Soup version 0.29.0-11-gd7f09526c8 (webtiles) character file.

Game seed: 503780613583175600

632 Anothat the Summoner (level 7, 0/28 HPs)
             Began as a Felid Summoner on Sept 4, 2022.
             Slain by a centaur (5 damage)
             ... on level 6 of the Dungeon.
             The game lasted 00:27:20 (6393 turns).

Anothat the Summoner (Felid Summoner)               Turns: 6393, Time: 00:27:21

Health: 0/28       AC:  2    Str:  4    XL:     7   Next: 24%
Magic:  2/11       EV: 18    Int: 18    God:
Gold:   268        SH:  0    Dex: 17    Spells: 1/10 levels left
                                        Lives:  0   Deaths: 2

rFire   . . .      SeeInvis +   (weapon unavailable)
rCold   . . .      Faith    .   (shield unavailable)
rNeg    . . .      Spirit   .   (body armour unavailable)
rPois   +          Reflect  .   (helmet unavailable)
rElec   .          Harm     .   (cloak unavailable)
rCorr   .          Rampage  .   (gloves unavailable)
Will    +....                   (boots unavailable)
Stlth   ++........              (no amulet)
HPRegen 0.09/turn               d - ring of wizardry
MPRegen 0.12/turn               e - ring of poison resistance

@: quick
A: very small, claws 1, fangs 3, see invisible, speed 1, shaggy fur 2, stealthy
paws, no weapons or thrown items, no armour, multi-lived
a: no special abilities


You were on level 6 of the Dungeon.
You visited 2 branches of the dungeon, and saw 7 of its levels.

You collected 268 gold pieces.

Inventory:

Jewellery
 d - a ring of wizardry (left paw)
 e - a ring of poison resistance (right paw)
 g - a ring of flight
 i - an amulet of reflection
 m - a +4 ring of slaying
Scrolls
 b - 3 scrolls of teleportation
 f - 7 scrolls of identify
Potions
 c - a potion of curing
 h - 4 potions of brilliance {unknown}
 j - a potion of attraction {unknown}
 k - 2 potions of heal wounds {unknown}
 l - a potion of flight {unknown}


   Skills:
 + Level 0.8 Fighting
 + Level 3.1 Dodging
 - Level 2.6 Stealth
 + Level 2.2 Spellcasting
 + Level 1.3 Hexes
 + Level 10.2 Summonings


You had one spell level left.
You knew the following spells:

 Your Spells              Type           Power      Damage    Failure   Level
a - Summon Small Mammal   Summ           100%       N/A       1%          1
b - Call Imp              Summ           39%        N/A       1%          2
c - Call Canine Familiar  Summ           39%        N/A       1%          3
d - Summon Guardian Gole  Hex/Summ       23%        N/A       1%          3

Your spell library contained the following spells:

 Spells                   Type           Power      Damage    Failure   Level
 Magic Dart               Conj           8%         1d3       8%          1
 Summon Lightning Spire   Summ/Air       20%        N/A       9%          4
 Mephitic Cloud           Conj/Pois/Air  2%         N/A       21%         3
 Anguish                  Hex/Necr       2%         N/A       45%         4
 Enfeeble                 Hex            3%         N/A       100%        7


Dungeon Overview and Level Annotations

Branches:
Dungeon (6/15)             Temple (1/1) D:4

Altars:
Cheibriados
Dithmenos
Makhleb
Okawaru
Sif Muna
Vehumet
Wu Jian
Xom
Yredelemnul
Zin
The Shining One


Innate Abilities, Weirdness & Mutations

You have sharp claws.
You have razor-sharp teeth.
You have supernaturally acute eyesight. (SInv)
You cover ground quickly. (Speed+)
You are covered in thick fur. (AC +2)
Your paws help you pounce on unaware monsters.
You are incapable of wielding weapons or throwing items.
You cannot wear armour.
You gain extra lives every three experience levels.


Message History

Your hound's corpse disappears in a puff of smoke!
You swap places.
Casting: Call Imp (safe; 1% risk of failure)
Confirm with . or Enter, or press ? or * to list all spells.
You swap places.
The centaur shoots an arrow.
The arrow hits your crimson imp. What are your orders? t - Meow!
Orders for allies: a - Attack new target. r - Retreat! s - Stop attacking. g - Guard the area. f - Follow me.
Anything else - Cancel.
Gang up on whom?
Press: ? - help, Dir - move target, f - centaur
Aim: a centaur, wielding a +0 shortbow (lightly wounded, ally target) Attack!
The centaur shoots an arrow.
The arrow hits your hound!
Your hound barely misses the centaur.
Your crimson imp barely misses the centaur.
The centaur shoots an arrow.
The arrow closely misses your hound. The arrow misses you.
Your hound barely misses the centaur.
The centaur shoots an arrow.
The arrow hits your hound!
Your hound dies!
Your hound's corpse disappears in a puff of smoke!
Your crimson imp hits the centaur.
You can't go up here!
Attack: -) Teeth and claws
Press: ? - help, Dir - move target, p - centaur There's something in the way.
Unknown command.
You aren't carrying any items that you can evoke.
Okay, then.
The centaur shoots an arrow.
The arrow hits you!
Your crimson imp blinks!
The centaur unwields a +0 shortbow.
The centaur misses you. The centaur closely misses you.
You scratch the centaur but do no damage.
The centaur is lightly wounded.
The centaur hits you.
* * * LOW HITPOINT WARNING * * *
The centaur misses you. The centaur hits you.
You die...

##### ....... ....#
.......
###.##.......
..#..#....... ####..
#S#.......... .....#
#.#..>....### .!...
#.#.......# ..5.
..###.#############
..# ###
#.......5...@§###..#
##..#########c##..#
##........##.#§.#
########..#...## .#
##h#..##..#..
#######.†.##..#.#
#.......### .#._
#.........##..#.#
#..........##..#..


You could see a centaur (ally target) and a friendly crimson imp (summoned).

Vanquished Creatures
  An iguana (D:5)
  3 bats
  A goblin (D:2)
  2 kobolds
  A rat (D:3)
8 creatures vanquished.

Vanquished Creatures (collateral kills)
  A water moccasin (D:6)
  A black bear (D:5)
  An orc warrior (D:5)
  An ogre (D:5)
  A phantom (D:5)
  A necrophage (D:6)
  A bullfrog (D:6)
  3 scorpions (D:5)
  A jelly (D:6)
  2 hounds
  3 iguanas
  3 gnolls (D:4)
  10 adders
  A white imp (D:5)
  An ufetubus (D:5)
  16 orcs
  10 endoplasms
  3 giant cockroaches
  6 goblins
  4 hobgoblins (D:2)
  A jackal (D:5)
  5 kobolds
  2 quokkas
  11 ball pythons
  3 bats
  A frilled lizard (D:1)
  6 rats
99 creatures vanquished.

Grand Total: 107 creatures vanquished

Notes
Turn   | Place    | Note
-------+----------+-------------------------------------------
     0 | D:1      | Anothat the Felid Summoner began the quest for the Orb.
     0 | D:1      | Reached XP level 1. HP: 7/7 MP: 4/4
   189 | D:1      | Reached XP level 2. HP: 11/11 MP: 4/6
   505 | D:1      | Learned a level 2 spell: Call Imp
  1192 | D:2      | Reached skill level 5 in Summonings
  1244 | D:2      | Reached XP level 3. HP: 12/14 MP: 3/7
  1333 | D:2      | Learned a level 3 spell: Call Canine Familiar
  1848 | D:2      | Found a faded altar of an unknown god.
  2294 | D:2      | Reached XP level 4. HP: 5/18 MP: 2/8
  3530 | D:4      | Reached skill level 6 in Summonings
  3628 | D:4      | Reached XP level 5. HP: 21/21 MP: 5/9
  4161 | D:4      | Found a staircase to the Ecumenical Temple.
  4183 | Temple   | Entered the Ecumenical Temple
  4421 | D:4      | Reached skill level 7 in Summonings
  4539 | D:5      | Entered Level 5 of the Dungeon
  4539 | D:5      | Noticed a phantom
  4559 | D:5      | Gained mutation: You are covered in thick fur. (AC +2)
                  | [Felid growth]
  4559 | D:5      | Reached XP level 6. HP: 20/24 MP: 1/10
  4727 | D:5      | Killed from afar by a white imp
  4728 | D:5      | Reached XP level 5. HP: -4/21 MP: 3/9
  4772 | D:5      | Reached skill level 8 in Summonings
  4816 | D:5      | Killed a phantom
  4817 | D:5      | Reached XP level 6. HP: 17/24 MP: 1/10
  4898 | D:5      | Learned a level 3 spell: Summon Guardian Golem
  5362 | D:5      | Noticed an orc warrior
  5376 | D:5      | Killed an orc warrior
  5377 | D:5      | Reached skill level 9 in Summonings
  5421 | D:5      | Reached XP level 7. HP: 27/27 MP: 1/11
  6104 | D:6      | Shot with an arrow by a centaur
  6105 | D:6      | Reached XP level 6. HP: -1/24 MP: 3/10
  6107 | D:6      | Found a glowing silver altar of Zin.
  6152 | D:6      | Found a glowing golden altar of the Shining One.
  6176 | D:6      | Noticed a water moccasin
  6291 | D:6      | Killed a water moccasin
  6292 | D:6      | Reached skill level 10 in Summonings
  6368 | D:6      | Reached XP level 7. HP: 28/28 MP: 9/11
  6376 | D:6      | Reached skill level 1 in Hexes
  6393 | D:6      | Slain by a centaur

Illustrated notes

Levels and vault maps discovered:
D:1:      kilobyte_arrival_exit_the_forest, layout_loops_ring
D:2:      layout_basic, dreamdust_ecumenical_altar_angels_and_demons,
          minmay_pentomino_x2
D:3:      layout_basic
D:4:      layout_rooms, minmay_temple_entry_large_hall, columned_hall_lemuel
D:5:      layout_loops_ring, minmay_manual_monolith
D:6:      minmay_angry_zag, layout_basic, mainiacjoe_overflow_alcove_4,
          tso_metal_star, mainiacjoe_overflow_concentric_impassable,
          gup_sewer_entry_bubbles, uniq_sigmund
Temple:   compressed_dpeg_triangle_lava_temple

Skill      XL: |  1  2  3  4  5  6  7 |
---------------+----------------------+-----
Summonings     | 5 6 8 10 | 10.2
Dodging        | 3 |  3.1
Hexes          | 1 |  1.3
Fighting       | |  0.8
Stealth        | |  2.6
Spellcasting   | |  2.2

Action                   |  1- 3 |  4- 6 |  7- 9 || total
-------------------------+-------+-------+-------++-------
Melee: Unarmed           |    23 |    14 |     2 ||    39
       Bite              |     1 |       |       ||     1
 Cast: Summon Small Mamm |    39 |    34 |     2 ||    75
       Call Imp          |    13 |    25 |     4 ||    42
       Call Canine Famil |     1 |    29 |     6 ||    36
  Use: Scroll            |     3 |     7 |     1 ||    11
       Potion            |       |     3 |       ||     3
 Stab: Distracted        |       |     1 |       ||     1
Armor: Skin              |     5 |     1 |       ||     6
Dodge: Dodged            |    40 |    39 |    11 ||    90
